Map: Zen LE

Players

soO - Winner!

  • Race: Zerg Zerg
  • Spawn Location: 7:00

Trap

  • Race: Protoss Protoss
  • League: Master
  • Spawn Location: 1:00

Event: Shopify TSL 5

VOD

Have the link to the VOD?

Description

Time

  • Played on: June 6, 2020, 8:33 a.m.
  • Length: 10:11

All games in this series

Show
View Real Time Build Order
Export as new Build Order

soO Zerg - Winner!

Build Orders: Hatch First 

Get SALT Encoding   

  12  0:00  Drone  
  13  0:12  Overlord  
  13  0:17  Drone  
  14  0:30  Drone  
  15  0:38  Drone  
  16  0:54  Hatchery  
  16  0:55  Drone  
  16  0:57  Drone  
  16  1:00  Drone  
  18  1:11  Extractor  
  17  1:17  Spawning Pool  
  16  1:21  Drone  
  16  1:23  Drone  
  18  1:30  Drone  
  19  1:38  Drone  
  20  1:50  Drone  
  21  2:04  Zergling x2  
  21  2:05  Queen  
  21  2:06  Queen  
  21  2:07  Drone  
  27  2:11  Overlord  
  27  2:15  Metabolic Boost  
  27  2:18  Drone  
  28  2:29  Drone  
  30  2:30  Drone  
  30  2:39  Hatchery  
  30  2:40  Drone  
  30  2:42  Drone  
  31  2:50  Queen  
  33  2:53  Overlord  
  33  2:55  Drone  
  34  2:58  Drone  
  34  3:02  Drone  
  36  3:14  Drone x2  
  36  3:15  Drone x3, Overlord  
  36  3:19  Drone x2  
  43  3:22  Drone  
  44  3:30  Roach Warren  
  44  3:33  Drone  
  44  3:37  Drone  
  45  3:41  Extractor  
  45  3:45  Drone x2  
  45  3:47  Drone  
  45  3:48  Drone, Overlord  
  48  3:50  Zergling x4  
  48  3:52  Queen  
  52  3:59  Overlord  
  52  4:00  Overlord  
  52  4:10  Roach x4  
  52  4:13  Roach  
  52  4:14  Roach  
  64  4:19  Zergling x2  
  64  4:23  Zergling x8, Spore Crawler  
  68  4:24  Spore Crawler  
  68  4:27  Zergling x2  
  68  4:30  Zergling x8  
  72  4:46  Zergling x6  
  72  4:47  Overlord  
  72  4:49  Roach x3  
  72  4:52  Spine Crawler  
  80  4:54  Overlord  
  80  4:55  Overlord  
  80  4:58  Overlord  
  80  5:03  Overlord  
  80  5:06  Ravager x2  
  82  5:13  Ravager x2  
  84  5:14  Zergling x2  
  84  5:15  Zergling x4  
  87  5:27  Roach x3  
  73  5:36  Roach x2  
  73  5:40  Roach, Zergling x12  
  76  5:45  Roach  
  71  5:53  Zergling x14  
  78  6:09  Ravager  
  78  6:10  Zergling x12  
  85  6:17  Overlord  
  84  6:20  Zergling x4  
  84  6:25  Zergling x6  
  86  6:29  Lair  
  84  6:34  Zergling x10  
  81  6:48  Zergling x6  
  81  6:49  Zergling x6  
  85  6:54  Drone x4  
  85  7:00  Ravager x3  
  85  7:01  Spore Crawler  
  91  7:05  Drone x3  
  91  7:08  Drone  
  94  7:10  Drone  
  94  7:14  Drone  
  96  7:16  Extractor  
  96  7:21  Drone x2  
  96  7:24  Drone  
  96  7:25  Drone x2, Spore Crawler  
  96  7:29  Drone x2  
  98  7:31  Drone  
  98  7:32  Drone x4  
  98  7:36  Glial Reconstitution  
  103  7:39  Roach x3  
  103  7:41  Overseer  
  109  7:45  Overlord  
  109  7:46  Extractor  
  109  7:47  Extractor  
  109  7:48  Roach x2  
  110  7:53  Roach  
  110  7:54  Overlord  
  110  7:57  Overlord  
  109  8:03  Roach x3  
  109  8:04  Roach, Drone  
  109  8:05  Drone x3  
  118  8:17  Drone x2  
  118  8:18  Drone x2  
  122  8:23  Roach x3  
  126  8:29  Ravager x3  
  126  8:33  Roach x2  
  133  8:37  Overlord  
  133  8:39  Roach x3  
  139  8:42  Overlord  
  139  8:43  Roach  
  137  8:49  Overlord  
  137  8:51  Roach x4  
  137  8:52  Overlord  
  145  8:59  Overlord  
  145  9:06  Roach x6  
  156  9:23  Roach x2  
  156  9:24  Roach x4, Zergling x6  
  171  9:28  Overlord  
  164  9:39  Ravager x2  
  164  9:41  Ravager  
  164  9:42  Zergling x4, Ravager  
  164  9:43  Zergling x14  
  173  9:50  Roach x4  
Show
View Real Time Build Order
Export as new Build Order

Trap Protoss 

Build Orders: 1 Gate Expand, Mass Adepts 

Get SALT Encoding   

  12  0:00  Probe  
  13  0:15  Pylon  
  13  0:17  Probe (Chrono Boost)  
  14  0:27  Probe (Chrono Boost)  
  15  0:32  Probe (Chrono Boost)  
  16  0:41  Gateway  
  16  0:43  Probe  
  17  0:50  Assimilator  
  17  0:55  Probe  
  18  1:07  Probe  
  19  1:19  Probe  
  20  1:26  Nexus  
  20  1:35  Cybernetics Core  
  20  1:38  Probe  
  21  1:47  Assimilator  
  21  1:50  Probe  
  22  1:57  Pylon  
  22  2:02  Probe  
  23  2:11  Warp Gate  
  23  2:12  Stalker (Chrono Boost)  
  23  2:15  Probe  
  26  2:24  Twilight Council  
  26  2:27  Probe (Chrono Boost)  
  29  2:38  Probe (Chrono Boost)  
  29  2:40  Probe (Chrono Boost)  
  31  2:47  Probe (Chrono Boost), Robotics Facility  
  31  2:48  Probe (Chrono Boost)  
  31  2:52  Probe (Chrono Boost)  
  31  2:53  Probe  
  31  2:57  Adept  
  35  3:07  Gateway  
  35  3:08  Probe x2  
  35  3:10  Resonating Glaives (Chrono Boost)  
  37  3:20  Probe  
  37  3:21  Probe  
  37  3:23  Gateway  
  39  3:30  Gateway  
  39  3:34  Warp Prism (Chrono Boost)  
  41  3:43  Gateway  
  41  3:48  Gateway  
  41  3:55  Pylon  
  41  3:59  Pylon  
  41  4:02  Adept x2  
  45  4:04  Probe  
  46  4:14  Observer  
  47  4:23  Adept x2  
  47  4:24  Adept x2  
  53  4:27  Pylon  
  55  4:32  Pylon  
  55  4:45  Adept  
  55  4:46  Adept x4  
  55  4:47  Adept  
  67  4:54  Pylon  
  67  5:11  Adept x5  
  67  5:13  Adept  
  79  5:21  Pylon  
  79  5:25  Pylon  
  63  5:37  Adept  
  63  5:38  Adept x4  
  55  5:44  Warp Prism  
  51  5:50  Adept x2  
  51  5:51  Stalker  
  51  5:53  Probe x2  
  59  6:02  Adept x2  
  59  6:03  Adept  
  59  6:28  Adept x6  
  69  6:39  Immortal (Chrono Boost)  
  65  6:44  Probe x2 (Chrono Boost)  
  63  6:50  Adept  
  63  6:56  Probe x2 (Chrono Boost)  
  63  7:00  Probe (Chrono Boost)  
  63  7:01  Probe (Chrono Boost), Assimilator x2  
  65  7:10  Adept x2  
  65  7:13  Immortal (Chrono Boost)  
  73  7:24  Pylon  
  73  7:28  Pylon  
  73  7:36  Adept x2  
  73  7:37  Adept x3  
  77  7:41  Adept  
  81  7:55  Immortal (Chrono Boost)  
  78  8:14  Adept x6  
  90  8:24  Immortal (Chrono Boost)  
  94  8:34  Adept x6  
  98  8:51  Nexus  
  98  8:55  Immortal (Chrono Boost)  
  98  9:02  Robotics Bay  
  102  9:04  Stalker  
  104  9:27  Immortal (Chrono Boost)  
  108  9:47  Stalker x5  
  118  9:56  Pylon x2  
  118  9:58  Pylon  
Tags
 
Add a new tag
Caveats
  • Supply blocks, unpowered buildings, or Contaminate may cause inaccurate times.
  • Supply counts are checked every 10 seconds.